[Event "Late-Titled-Tuesday-Blitz-February-20-2024"]
[Site "Chess.com"]
[Date "2024.02.20"]
[Round "8"]
[White "ajeale2"]
[Black "Jadro9"]
[Result "0-1"]
[WhiteElo "2493"]
[BlackElo "2637"]
[TimeControl "180+1"]
[EndTime "15:28:19 PST"]
[Termination "Jadro9 won on time"]

1. d4 d6 2. Bf4 Nd7 3. Nf3 g6 4. Nc3 Bg7 5. e4 e5 6. dxe5 dxe5 7. Bg5 Ngf6 8. Bc4 h6 9. Bh4 O-O 10. O-O c6 11. Qd6 Re8 12. Rad1 Qe7 13. Qxe7 Rxe7 14.
Rd6 g5 15. Bg3 Ne8 16. Rd2 Nb6 17. Bb3 Bg4 18. Rfd1 Bf6 19. a4 a5 20. Rd3 Nd7 21. h3 Bxf3 22. Rxf3 Nc5 23. Bc4 Kg7 24. b3 Nc7 25. Rd6 N7e6 26. Nd1 Nxe4 27. Rdd3 Nxg3 28. Rxg3 e4 29. Rd2 Be5 30. Re3 f5 31. Ree2 Nf4 32. Re1 Kf6 33. g3 Ne6 34. Ne3 Nd4 35. Be2 Rd8 36. Kg2 f4 37. Ng4+ Kg7 38. Bc4 Nf3 39. Rxd8 Nxe1+ 40. Kf1 Nxc2 41. Nxe5 Rxe5 42. Rd7+ Kf6 43. g4 b5 44. Be2 f3 45. Bd1 Nb4 46.
Rd6+ Re6 47. Rd8 Ke5 48. Rf8 Rd6 49. Ke1 Nd3+ 50. Kf1 Nxf2 51. Bc2 Nd3 52. axb5 cxb5 53. Rf5+ Kd4 54. Bd1 Ke3 55. Rxb5 Nf4 56. Bc2 Rd2 57. Rc5 Rf2+ 58. Kg1 Ne2+ 59. Kh1 Ng3+ 60. Kg1 Rf1+ 61. Kh2 Kf2 0-1

[Event "Late-Titled-Tuesday-Blitz-February-20-2024"]
[Site "Chess.com"]
[Date "2024.02.20"]
[Round "8"]
[White "babero_gordo"]
[Black "thechesscorner64"]
[Result "1-0"]
[WhiteElo "2194"]
[BlackElo "2500"]
[TimeControl "180+1"]
[EndTime "15:28:19 PST"]
[Termination "babero_gordo won by checkmate"]

1. e4 c5 2. d4 cxd4 3. c3 Nf6 4. e5 Nd5 5. Nf3 Nc6 6. Bc4 Nb6 7. Bb3 g6 8. O-O Bg7 9. cxd4 O-O 10. Nc3 d6 11. exd6 exd6 12. Bg5 Bf6 13. Bh6 Re8 14. Qd2 Bg4 15.
Ng5 d5 16. Qf4 Be6 17. Qh4 Nxd4 18. Rad1 Nf5 19. Nxe6 fxe6 20. Qf4 Qb8 21. Qd2 Kh8 22.
Bf4 e5 23. Bh6 d4 24. Ne4 Nxh6 25. Qxh6 Bg7 26. Qh4 h6 27. Bf7 Qd8 28. Qh3 Rf8 29.
Bxg6 Nd5 30. Bf5 Nf4 31. Qg4 Qe8 32. g3 h5 33. Qg5 Qf7 34. gxf4 Qxf5 35. Qxf5 Rxf5 36.
Ng5 exf4 37. Ne6 Be5 38. Nxd4 Rg8+ 39. Kh1 Rfg5 40. Nf3 Rf5 41. Nxe5 Rxe5 42. Rd7 Rg7 43.
Rd8+ Kh7 44. Rd4 Rf5 45. Re1 Rc7 46. h4 Kg6 47. Kh2 f3 48. Rg1+ Kf6 49. Rd6+ Ke5 50. Rgg6 Rc2 51. Rge6+ Kf4 52. Rd4# 1-0

[Event "Late-Titled-Tuesday-Blitz-February-20-2024"]
[Site "Chess.com"]
[Date "2024.02.20"]
[Round "8"]
[White "Fonsofan"]
[Black "Practical-Play"]
[Result "1-0"]
[WhiteElo "2696"]
[BlackElo "2551"]
[TimeControl "180+1"]
[EndTime "15:28:22 PST"]
[Termination "Fonsofan won by checkmate"]

1. e4 Nf6 2. e5 Nd5 3. d4 d6 4.
Nf3 g6 5. Be2 Bg7 6. O-O O-O 7.
Re1 dxe5 8. Nxe5 Nd7 9. Nf3 e5 10.
c4 Nf4 11. Bf1 Ne6 12. d5 Nd4 13. Nbd2 c6 14. Nxd4 exd4 15. dxc6 bxc6 16. Nb3 c5 17. Bf4 Qf6 18. Qf3 Ba6 19. Qg3 Rfe8 20. Bd6 Bf8 21. Bxf8 Kxf8 22. Qc7 Red8 23. Nxc5 Nxc5 24. Qxc5+ Kg7 25. Rad1 Rac8 26. Qb4 Rb8 27. Qa3 Re8 28. b3 Qc6 29. Qb2 Rxe1 30. Qxd4+ Kg8 31. Rxe1 Qc7 32.
Rd1 Bb7 33. Qd6 Qxd6 34. Rxd6 Re8 35. Rd1 Re6 36. Bd3 Rd6 37. Bc2 Re6 38. Kf1 Kg7 39. f3 Bc6 40. Re1 Rd6 41. Ke2 Bd7 42. Rd1 Re6+ 43. Kf2 Bc6 44. c5 Re5 45. b4 a5 46.
a3 axb4 47. axb4 Re8 48. Rd6 Bb5 49. Rd2 Bc4 50. Bd3 Rd8 51. Ke3 Bd5 52. Be4 Rb8 53.
Bxd5 Rxb4 54. Rc2 Rb5 55. c6 Rxd5 56. c7 Re5+ 57. Kf2 Re8 58. c8=Q Rxc8 59. Rxc8 f5 60. Rc7+ Kh6 61. Ra7 g5 62. g3 Kg6 63. Ra6+ Kh5 64. h3 h6 65. g4+ Kh4 66. Rxh6# 1-0

[Event "Late-Titled-Tuesday-Blitz-February-20-2024"]
[Site "Chess.com"]
[Date "2024.02.20"]
[Round "8"]
[White "YurasovMat-2012"]
[Black "ExchangeAB"]
[Result "0-1"]
[WhiteElo "2597"]
[BlackElo "2477"]
[TimeControl "180+1"]
[EndTime "15:28:25 PST"]
[Termination "ExchangeAB won on time"]

1. e4 c6 2. Nf3 d5 3. Nc3 Bg4 4.
h3 Bh5 5. exd5 cxd5 6. Bb5+ Nc6 7. g4 Bg6 8. Ne5 Rc8 9. d4 e6 10. Qf3 Bd6 11. Bf4 Ne7 12. h4 Bxe5 13. Bxe5 O-O 14. h5 Nxe5 15. dxe5 Bxc2 16. h6 Ng6 17. Qh3 Nxe5 18.
hxg7 Kxg7 19. Qh6+ Kg8 20. Qf4 Nd3+ 21. Bxd3 Bxd3 22. Rd1 Bg6 23. Qe5 Qc7 24. Qf6 Qc4 25.
Rd4 Qa6 26. g5 Rc4 27. O-O Rxd4 28. Qxd4 Rc8 29. Re1 Rc4 30. Qf6 Qd6 31. Ne2 Re4 32. Rc1 Rc4 33. Rxc4 dxc4 34. Nf4 b5 35. Ng2 a5 36.
Ne3 Qd3 37. Kh2 a4 38. Ng4 Qd6+ 39. Kg2 Qd5+ 40. Kg3 Kf8 41. Ne5 Ke8 42. Qh8+ Ke7 43. Qf6+ Kd6 44. Qf4 Qxe5 0-1

[Event "Late-Titled-Tuesday-Blitz-February-20-2024"]
[Site "Chess.com"]
[Date "2024.02.20"]
[Round "8"]
[White "Thjop"]
[Black "lucliasco"]
[Result "0-1"]
[WhiteElo "2613"]
[BlackElo "2882"]
[TimeControl "180+1"]
[EndTime "15:28:26 PST"]
[Termination "lucliasco won by resignation"]

1. e4 e5 2. Nf3 Nc6 3. Bb5 g6 4.
O-O Bg7 5. c3 d6 6. d4 Bd7 7. d5 Nb8 8. Bxd7+ Nxd7 9. c4 Ngf6 10. Nc3 Nc5 11. Qc2 a5 12. b3 O-O 13. Be3 b6 14. a3 a4 15. bxa4 Nfd7 16. Nd2 f5 17. f3 f4 18. Bf2 g5 19. h3 h5 20. Rfd1 g4 21. hxg4 hxg4 22. Kf1 Qg5 23. Ke2 Kf7 24.
Rh1 Rh8 25. Nb5 g3 26. Rxh8 Rxh8 27. Bxc5 Nxc5 28. Nxc7 Rh2 29. Rg1 Qh4 30. Ne6 Rh1 31. Qc1 Qh2 32. Ng5+ Kg6 33. Nh3 Qxg2+ 34. Rxg2 Rxc1 35.
Rg1 Rc2 36. Rb1 Nxa4 37. Kd1 Ra2 38. Rb4 Nc3+ 39. Kc1 Ne2+ 40. Kd1 Nd4 41. Rxb6 Ra1+ 42. Nb1 Bf8 43. c5 Be7 44. c6 Bd8 45. Rb7 Ba5 46. Kc1 Ra2 47. Rb2 Ne2+ 48. Kc2 Nd4+ 49. Kc1 Rxb2 50. Kxb2 Kh5 51. Nc3 Kh4 52. Ng1 g2 53. Nce2 Nxe2 54. Nxe2 Kg5 55. Kb3 Kf6 56. Kc4 Ke7 57.
Kb5 Bd2 58. a4 Be3 59. a5 Kd8 60. Ka6 Kc7 61. Kb5 g1=Q 62. Nxg1 Bxg1 63. Ka6 Be3 64. Kb5 Bd4 65. Ka6 Kb8 66. Kb5 Ka7 67. Kb4 Ka6 68. Ka4 Bc5 69. Kb3 Ba7 70. Kb4 Bb8 71. Ka4 Bc7 72.
Kb3 Bxa5 73. Kc4 Bc7 74. Kd3 Kb5 75. Ke2 Kc4 76. Kf1 Kd3 77. Kf2 Kd2 78. Kf1 Ke3 79. Kg2 Ke2 80. Kh3 Kxf3 0-1

[Event "Late-Titled-Tuesday-Blitz-February-20-2024"]
[Site "Chess.com"]
[Date "2024.02.20"]
[Round "8"]
[White "BogdanDeac"]
[Black "sergiochess83"]
[Result "1-0"]
[WhiteElo "3046"]
[BlackElo "2913"]
[TimeControl "180+1"]
[EndTime "15:28:27 PST"]
[Termination "BogdanDeac won on time"]

1. d4 d5 2. Nf3 Nf6 3. Bf4 c5 4. e3 Nc6 5. c3 Qb6 6. Qc2 g6 7. Nbd2 Bg7 8. Be2 O-O 9. O-O Bf5 10. dxc5 Qxc5 11. Qb3 Na5 12. Qa4 Bd7 13. Qd1 Nc6 14. Rc1 Qa5 15. a3 Rac8 16. h3 Rfd8 17. Bh2 Ne4 18. Nxe4 dxe4 19. Nd2 Be6 20. Qc2 f5 21. Nc4 Bxc4 22. Bxc4+ Kh8 23. Rfd1 Ne5 24. Be2 h5 25. a4 Bf6 26. b4 Qb6 27. Rxd8+ Rxd8 28. Rd1 Kg7 29. a5 Rxd1+ 30. Qxd1 Qc6 31. Qc2 b6 32.
axb6 axb6 33. c4 h4 34. Bf1 Qd7 35. c5 bxc5 36. bxc5 Qc6 37. Bxe5 Bxe5 38. Qc4 Bf6 39. Be2 Be5 40. Qb4 Bf6 41. Bb5 Qd5 42. c6 Qd1+ 43.
Bf1 Qc1 44. Qb7 1-0

[Event "Late-Titled-Tuesday-Blitz-February-20-2024"]
[Site "Chess.com"]
[Date "2024.02.20"]
[Round "8"]
[White "ATM622"]
[Black "GothamChess"]
[Result "1-0"]
[WhiteElo "2501"]
[BlackElo "2668"]
[TimeControl "180+1"]
[EndTime "15:28:27 PST"]
[Termination "ATM622 won on time"]

1. d4 e6 2. c4 g6 3. Nf3 Bg7 4. g3 Ne7 5. Bg2 d5 6. Nbd2 O-O 7. O-O Nbc6 8. e3 b6 9. b3 a5 10. Bb2 Ba6 11. Rc1 Nb4 12. Ra1 Nd3 13. Bc3 c5 14. Qc2 Nb4 15. Qb1 Nf5 16. a3 Nc6 17. Qb2 a4 18. dxc5 bxc5 19. Bxg7 Nxg7 20. Rfd1 Rb8 21.
cxd5 exd5 22. Qc3 Qe7 23. b4 Ne6 24. Rac1 d4 25. exd4 Ncxd4 26. Nxd4 Nxd4 27. Qxc5 Qxc5 28. Rxc5 Rfd8 29. Bd5 Be2 30. Re1 Rb6 31. Ba2 Rf6 32. f4 Bf3 33. Kf2 Ba8 34. Ne4 Bxe4 35. Rxe4 Nb3 36. Rc2 Rd3 37. Re3 Rfd6 38. Rxd3 Rxd3 39. Rb2 Nd4 40. b5 Rf3+ 41. Kg2 Rxa3 42. Bd5 Nb3 43. b6 Na5 44. Rb5 Rd3 45. Rxa5 1-0

[Event "Late-Titled-Tuesday-Blitz-February-20-2024"]
[Site "Chess.com"]
[Date "2024.02.20"]
[Round "8"]
[White "Taran2004"]
[Black "northridgehawk"]
[Result "1-0"]
[WhiteElo "2436"]
[BlackElo "2273"]
[TimeControl "180+1"]
[EndTime "15:28:27 PST"]
[Termination "Taran2004 won by resignation"]

1. e4 e5 2. Nf3 Nc6 3. d4 exd4 4. Nxd4 Qh4 5. Nc3 Bb4 6. Qd3 Nf6 7. Nxc6 dxc6 8. Bd2 Bxc3 9. Bxc3 Qxe4+ 10. Be2 Qxd3 11. Bxd3 O-O 12. Bxf6 gxf6 13. O-O-O Be6 14. Rde1 Kg7 15.
Re3 a5 16. a3 Rad8 17. Rhe1 Rd4 18. h3 Rfd8 19. Rg3+ Kh8 20. Rf3 Kg7 21. Rg3+ Kh8 22. Ree3 R8d6 23. Ref3 Bd7 24. c3 R4d5 25. Kc2 b5 26.
Rf4 Rg5 27. Rxg5 fxg5 28. Rxf7 Be6 29. Rxh7+ Kg8 30. Rxc7 a4 31. c4 bxc4 32. Be4 Bd5 33. f3 Bxe4+ 34. fxe4 Rd4 35. Rxc6 Rxe4 36. Rg6+ Kf7 37. Rxg5 Ke6 38. Kc3 Kd6 39. g4 Re3+ 40. Kxc4 Rxh3 41. Rb5 Rh4 42. Kb4 Rxg4+ 43. Ka5 Kc6 44.
Rb4 Rg2 45. Kxa4 Re2 46. Kb3 Re3+ 47. Ka2 Kc5 48. Rb8 Re7 49. a4 Ra7 50. Ka3 Re7 51. b4+ Kc4 52. Rc8+ Kd5 53. a5 Re1 54. Ka4 Kd6 55. a6 Kd7 56. Rc3 Kd6 57. Ka5 Ra1+ 58.
Kb6 Ra4 59. b5 Rg4 60. a7 Rg8 61. Ka6 Kd5 62. b6 Rg6 63. a8=Q+ Kd4 64. Qc8 1-0

[Event "Late-Titled-Tuesday-Blitz-February-20-2024"]
[Site "Chess.com"]
[Date "2024.02.20"]
[Round "8"]
[White "Hasangatin_Ramil"]
[Black "vugarrasulov"]
[Result "0-1"]
[WhiteElo "2685"]
[BlackElo "2935"]
[TimeControl "180+1"]
[EndTime "15:28:28 PST"]
[Termination "vugarrasulov won by resignation"]

1. e4 e5 2. Nf3 Nc6 3. Bb5 Nf6 4. d3 Ne7 5. c3 Ng6 6. Nbd2 c6 7. Bc4 d5 8. exd5 cxd5 9. Bb5+ Bd7 10. Qa4 Bd6 11. O-O a6 12. Bxd7+ Qxd7 13. Qxd7+ Kxd7 14. g3 Rhe8 15.
Nb3 a5 16. a4 b6 17. Be3 Ng4 18. Bd2 f5 19. Rad1 Kc6 20. Kg2 Rad8 21. Rfe1 h6 22.
Re2 Bc7 23. Rde1 Nf6 24. c4 dxc4 25. dxc4 Ne4 26. Rxe4 fxe4 27. Rxe4 Rd3 28. Bc3 Rd1 29. Rg4 Re6 30. Nbd2 Kb7 31. h4 h5 32. Rg5 Bd8 33.
Rxh5 Bf6 34. Ne4 Rc6 35. b3 Rd3 36. Rh7 Ka6 37. Kf1 Rxf3 38. Ke2 Rf5 39. h5 Nf8 40. Rh8 Ne6 41. h6 gxh6 42. Rxh6 Nd4+ 43. Bxd4 exd4 44. g4 Rf4 45. f3 d3+ 46. Ke3 Rxe4+ 47. Kxe4 d2 48. Rh1 Re6+ 49. Kf5 Re1 0-1

[Event "Late-Titled-Tuesday-Blitz-February-20-2024"]
[Site "Chess.com"]
[Date "2024.02.20"]
[Round "8"]
[White "GiorgianBarbosa"]
[Black "lucasran"]
[Result "1-0"]
[WhiteElo "2517"]
[BlackElo "2633"]
[TimeControl "180+1"]
[EndTime "15:28:28 PST"]
[Termination "GiorgianBarbosa won on time"]

1. c4 c5 2. g3 Nc6 3. Bg2 g6 4. Nc3 Bg7 5. e3 e5 6. Nge2 Nge7 7. O-O d6 8. Nd5 Nxd5 9. Bxd5 O-O 10.
Nc3 Rb8 11. b3 Ne7 12. Bg2 Be6 13. Nd5 b5 14. d3 e4 15. Rb1 Bxd5 16. cxd5 Nxd5 17.
Bb2 Bxb2 18. Rxb2 Qf6 19. Rc2 Nb4 20. Bxe4 Nxc2 21. Qxc2 Rfd8 22. Bd5 Kg7 23. f4 Re8 24. e4 Qd4+ 25. Kg2 c4 26. f5 Qxd3 27. Qc1 f6 28. fxg6 hxg6 29. Qf4 Qc2+ 30. Rf2 Qc3 31. Qxd6 Qe5 32.
Qc5 cxb3 33. axb3 Re7 34. h4 f5 35. h5 fxe4 36. hxg6 Rd8 37. Rf7+ Rxf7 38. gxf7 Qf5 39. Qc6 1-0

[Event "Late-Titled-Tuesday-Blitz-February-20-2024"]
[Site "Chess.com"]
[Date "2024.02.20"]
[Round "8"]
[White "jodarmarlon1985"]
[Black "Atanejhad"]
[Result "0-1"]
[WhiteElo "2244"]
[BlackElo "2436"]
[TimeControl "180+1"]
[EndTime "15:28:28 PST"]
[Termination "Atanejhad won on time"]

1. e4 Nf6 2. e5 Nd5 3. d4 d6 4. c4 Nb6 5. exd6 cxd6 6. Nc3 g6 7. Be3 Bg7 8. Rc1 O-O 9. b3 Nc6 10. d5 Ne5 11. f4 Ng4 12. Bd4 Nf6 13. Nf3 e6 14.
dxe6 Bxe6 15. Be2 Re8 16. O-O d5 17. c5 Nbd7 18. Ng5 Bf5 19. Bd3 Bxd3 20. Qxd3 h6 21. Nf3 Rc8 22. b4 b6 23. Nb5 bxc5 24. bxc5 Ne4 25. Nxa7 Ndxc5 26. Qd1 Bxd4+ 27. Qxd4 Rc7 28. Nb5 Rce7 29. Rfd1 Ne6 30. Qe3 Qb8 31. Nbd4 Qxf4 32. Qxf4 Nxf4 33. g3 Ne6 34. Nc6 Rd7 35. Nfe5 Rd6 36. a4 N6c5 37. a5 f6 38. Nxg6 Rxc6 39. Nf4 Rd6 40. Rxd5 Rxd5 41. Nxd5 Kf7 42. a6 Nxa6 43.
Nc7 Nxc7 44. Rxc7+ Re7 45. Rc4 Ng5 46. h4 Nf3+ 47. Kg2 Ne5 48. Ra4 Rd7 49. Ra6 Rd2+ 50. Kg1 Nf3+ 51. Kf1 Kg6 52. Ra5 f5 53. Ra6+ Kh5 54.
Rf6 Kg4 55. Rg6+ Kh3 56. Rxh6 Kxg3 57. Rg6+ Kf4 58. h5 Rh2 59. h6 Ke3 60. Re6+ Kf4 0-1

[Event "Late-Titled-Tuesday-Blitz-February-20-2024"]
[Site "Chess.com"]
[Date "2024.02.20"]
[Round "8"]
[White "Felix-Rose"]
[Black "abeljusto"]
[Result "1-0"]
[WhiteElo "2268"]
[BlackElo "2098"]
[TimeControl "180+1"]
[EndTime "15:28:29 PST"]
[Termination "Felix-Rose won on time"]

1. e4 c5 2. Nf3 Nc6 3. d4 cxd4 4. Nxd4 Nf6 5. Nc3 d6 6. Bg5 Bd7 7. Bxf6 gxf6 8. Qd2 Rc8 9. O-O-O h5 10. Kb1 Bh6 11. Qd3 Ne5 12. Qg3 Kf8 13. f4 Nc4 14. Bxc4 Rxc4 15.
Qd3 Qc8 16. Rhf1 a6 17. f5 b5 18. Nd5 Qc5 19. b3 Rxd4 20. Qxd4 Qxd4 21. Rxd4 Bc6 22. c4 h4 23. cxb5 axb5 24. Rf2 Kg7 25. Rc2 Bxd5 26. exd5 Be3 27. Rg4+ Bg5 28. Rc7 Re8 29. Rb4 Kh6 30.
Rxb5 Bf4 31. h3 Kg5 32. Rbb7 Be5 33. Rxe7 Rxe7 34. Rxe7 Kxf5 35. Rxf7 Ke4 36. Rh7 Bg3 37. Rh6 f5 38. a4 Kxd5 39. b4 Kc4 40. Rf6 Kxb4 41.
Rxf5 Kxa4 42. Kc2 Kb4 43. Kd3 1-0

[Event "Late-Titled-Tuesday-Blitz-February-20-2024"]
[Site "Chess.com"]
[Date "2024.02.20"]
[Round "8"]
[White "Phamtrangiaphuc2009"]
[Black "BabageldiAnnaberdiyev"]
[Result "1-0"]
[WhiteElo "2445"]
[BlackElo "2613"]
[TimeControl "180+1"]
[EndTime "15:28:31 PST"]
[Termination "Phamtrangiaphuc2009 won by resignation"]

1. e4 e6 2. d4 d5 3. Nd2 Nf6 4. e5 Nfd7 5. Ngf3 c5 6. dxc5 Bxc5 7. Nb3 Be7 8. Bd3 a6 9. O-O Nc6 10. Qe2 Qc7 11. Bf4 h6 12. Bg3 b5 13. a4 b4 14.
Rac1 Qb6 15. Bf4 Bb7 16. Be3 Qc7 17. Bd4 Nxd4 18. Nbxd4 Qb6 19. c4 dxc4 20. Be4 Bxe4 21. Qxe4 Rc8 22. Nb3 Qc7 23. Nbd2 c3 24. bxc3 bxc3 25.
Nb1 c2 26. Nbd2 O-O 27. Nd4 Qxe5 28. Nc6 Qf6 29. Rxc2 Nc5 30. Qf3 Nxa4 31. Rfc1 Rce8 32. Qb3 Nc5 33. Nxe7+ Qxe7 34. Rxc5 Rd8 35. Nf1 Ra8 36. Rc7 Qg5 37. Ne3 a5 38. Qa3 a4 39.
R7c4 Qb5 40. Rb4 Qa5 41. Ra1 Rfc8 42. h3 Qe5 43. Rxa4 Rab8 44. Rf1 Rb2 45. Nc4 Rxc4 46.
Rxc4 g6 47. Rc8+ Kg7 48. Qf8+ Kf6 49. Rc5 Qd4 50. Qh8+ 1-0

[Event "Late-Titled-Tuesday-Blitz-February-20-2024"]
[Site "Chess.com"]
[Date "2024.02.20"]
[Round "8"]
[White "dosto07"]
[Black "Chessdude1987"]
[Result "1-0"]
[WhiteElo "2493"]
[BlackElo "2357"]
[TimeControl "180+1"]
[EndTime "15:28:31 PST"]
[Termination "dosto07 won on time"]

1. e4 e6 2. d4 d5 3. Nd2 c5 4. exd5 Qxd5 5. Ngf3 cxd4 6. Bc4 Qd6 7. O-O Nf6 8. Nb3 Nc6 9. Nbxd4 Nxd4 10. Nxd4 Be7 11. c3 O-O 12. Re1 Qc7 13. Bb3 Bd7 14.
Qf3 a5 15. Bc2 a4 16. Bf4 Bd6 17. Bxd6 Qxd6 18. Rad1 Qb6 19. Qe2 Kh8 20. Rb1 a3 21. bxa3 Qc7 22. Qf3 Bc6 23. Nxc6 bxc6 24. c4 Qd6 25.
Rb3 Qc5 26. Bd3 Rfd8 27. Bf1 Ra7 28. Rd1 Rf8 29. Qe3 Qa5 30. h3 h6 31. Rd6 Rc7 32.
Qc3 Qxc3 33. Rxc3 Ne4 34. Rdd3 Nxc3 35. Rxc3 Ra8 36. g3 Rca7 37. Bg2 Rxa3 38. Rxa3 Rxa3 39. Bxc6 Rxa2 40. h4 Kg8 41. Kg2 Kf8 42. Kf3 Ke7 43. Ke3 Kd6 44. Be8 f6 45. g4 Kc5 46. Bd7 e5 47. Be6 Ra3+ 48. Ke4 Rh3 49. h5 Rh2 50. f3 Rd2 51. Bd5 Rd4+ 52. Kf5 1-0

[Event "Late-Titled-Tuesday-Blitz-February-20-2024"]
[Site "Chess.com"]
[Date "2024.02.20"]
[Round "8"]
[White "pr1105"]
[Black "igorknyazev"]
[Result "1-0"]
[WhiteElo "2342"]
[BlackElo "2199"]
[TimeControl "180+1"]
[EndTime "15:28:31 PST"]
[Termination "pr1105 won by resignation"]

1. e4 e5 2. Nf3 Nf6 3. Nxe5 Nxe4 4. Qe2 Qe7 5. Qxe4 d6 6. d4 dxe5 7. dxe5 Nc6 8. Nc3 Qxe5 9. Qxe5+ Nxe5 10. Bf4 Bd6 11. Bg3 O-O 12. O-O-O Ng4 13. Bxd6 cxd6 14. Rd2 Be6 15. h3 Ne5 16. b3 Rfd8 17. f4 Nc6 18.
g4 a6 19. Bg2 f6 20. Rhd1 Kf8 21. Rxd6 Rxd6 22. Rxd6 Ke7 23. Rd2 Rc8 24. Kb2 Rc7 25. Nd5+ Bxd5 26. Bxd5 Nb4 27. Bg8 h6 28. Re2+ Kd6 29. a3 Nc6 30. b4 b6 31. c3 a5 32.
Kb3 axb4 33. axb4 Na7 34. c4 Kd7 35. h4 Nc8 36. h5 Ne7 37. Be6+ Kd8 38. Rd2+ Ke8 39.
f5 Nc6 40. Kc3 Ne5 41. Ra2 b5 42. Ra8+ Ke7 43. c5 Nxg4 44. Rb8 Ne3 45. Rxb5 g5 46.
hxg6 h5 47. g7 Rc8 48. Bxc8 Nd5+ 49. Kc4 Ne3+ 50. Kd4 Nxf5+ 51. Ke4 Kf7 52. Bxf5 Kxg7 53. Rb7+ Kh6 54. Kf4 1-0

[Event "Late-Titled-Tuesday-Blitz-February-20-2024"]
[Site "Chess.com"]
[Date "2024.02.20"]
[Round "8"]
[White "a_kandil"]
[Black "Mesa_1"]
[Result "1-0"]
[WhiteElo "2442"]
[BlackElo "2538"]
[TimeControl "180+1"]
[EndTime "15:28:34 PST"]
[Termination "a_kandil won by checkmate"]

1. e4 d5 2. exd5 Qxd5 3. Nc3 Qa5 4.
b4 Qxb4 5. Rb1 Qd6 6. Nf3 Nf6 7. d4 e6 8. Nb5 Qd8 9. Bf4 Bd6 10. Nxd6+ cxd6 11. Bd3 O-O 12. O-O Nc6 13. Qd2 b6 14.
h3 Bb7 15. Rfe1 Ne7 16. Ng5 h6 17. Ne4 Nxe4 18. Bxe4 Bxe4 19. Rxe4 Rc8 20. Rb3 Ng6 21. Rg3 Kh7 22. c3 d5 23. Re1 Qf6 24. Be3 Rc4 25. h4 Rfc8 26. Rf3 Qe7 27. h5 Nh4 28. Rh3 Nf5 29. Bf4 Qa3 30. g4 Ne7 31. Ree3 b5 32.
Rhf3 Kg8 33. Rd3 b4 34. Bxh6 gxh6 35. Qxh6 Rxc3 36. Qg5+ Kf8 37. Qf6 Ke8 38. Qxf7+ Kd7 39. Rfe3 R8c6 40. h6 Rxd3 41. h7 Rxe3 42. h8=Q Rg3+ 43.
Kh2 Rf3 44. Qhe8+ Kc7 45. Qfxe7+ Kb6 46. Qb8+ Ka5 47. Qexa7+ Ra6 48. Qbb6+ Ka4 49. Qaxa6# 1-0

[Event "Late-Titled-Tuesday-Blitz-February-20-2024"]
[Site "Chess.com"]
[Date "2024.02.20"]
[Round "8"]
[White "TigrVShlyape"]
[Black "only_strong_moves"]
[Result "0-1"]
[WhiteElo "2908"]
[BlackElo "2691"]
[TimeControl "180+1"]
[EndTime "15:28:35 PST"]
[Termination "only_strong_moves won on time"]

1. e4 e5 2. Nf3 Nc6 3. Bb5 a6 4.
Ba4 Nge7 5. d4 exd4 6. Nxd4 Nxd4 7. Qxd4 Ng6 8. c4 Be7 9. O-O O-O 10. Nc3 Bf6 11. Qd3 c6 12. f4 b5 13. Bb3 b4 14. Na4 d6 15. Be3 c5 16. Rad1 Be7 17. Bc2 Qc7 18. e5 dxe5 19. f5 e4 20. Qd5 Bb7 21. Qd7 Qxd7 22. Rxd7 Bc8 23. Rc7 Bd8 24. Rxc8 Rxc8 25. fxg6 hxg6 26. Rd1 Re8 27. g3 f5 28. Rd5 g5 29. Rxf5 Bf6 30. Nxc5 Bxb2 31. Nxe4 Rxc4 32.
Bb3 Rxe4 33. Bxg5 Kh7 34. Bxc4 Rxc4 35. Ra5 Bd4+ 36. Kg2 Rc2+ 37. Kh3 Rc6 38. Kg4 Bc3 39. Rd5 Rc4+ 40. Bf4 Rc6 41. h4 a5 42. Rxa5 b3 43. Ra3 b2 44. Rb3 Bd4 45. Kf5 Rb6 46. Rxb2 Bxb2 47. Be3 Ra6 48. h5 Ra5+ 0-1

[Event "Late-Titled-Tuesday-Blitz-February-20-2024"]
[Site "Chess.com"]
[Date "2024.02.20"]
[Round "8"]
[White "dolynachess"]
[Black "Iuckyducky"]
[Result "1-0"]
[WhiteElo "2452"]
[BlackElo "2314"]
[TimeControl "180+1"]
[EndTime "15:28:35 PST"]
[Termination "dolynachess won by resignation"]

1. d4 Nf6 2. c4 e6 3. g3 d5 4. Bg2 dxc4 5. Nf3 Bb4+ 6. Nbd2 b5 7. a4 c6 8. O-O O-O 9. Qc2 Bb7 10. Rd1 Nbd7 11. b3 c5 12. dxc5 c3 13. axb5 cxd2 14. c6 dxc1=Q 15. Raxc1 Rc8 16. Qa2 Qb6 17. Rc4 Bxc6 18.
bxc6 Rxc6 19. Rxc6 Qxc6 20. Ne5 Qc7 21. Nxd7 Nxd7 22.
Qa4 Bd6 23. Qd4 Bc5 24. Qxd7 Qxd7 25. Rxd7 Rb8 26. Be4 g6 27. Bc2 Kf8 28. Rc7 Bb6 29. Rc4 Ke7 30. Kg2 Kd6 31. e3 Bc5 32. h4 h5 33. Kf3 Rb4 34. Rc3 a5 35. Ke2 Kd5 36. Rd3+ Kc6 37. Rd8 Be7 38. Re8 Kd6 39. Ra8 Rb5 40. Ra6+ Kd7 41. Kd3 Bd8 42. Ra7+ Ke8 43. Kc3 Rc5+ 44. Kb2 Rb5 45. Bd3 Rc5 46. Bc4 Bf6+ 47.
Kc2 Bd8 48. Kd3 Bf6 49. f4 Bd8 50. e4 Bc7 51. e5 Bb6 52. Ra6 Bd8 53. Kd4 Kd7 54.
Kxc5 1-0

[Event "Late-Titled-Tuesday-Blitz-February-20-2024"]
[Site "Chess.com"]
[Date "2024.02.20"]
[Round "8"]
[White "s-dshubin"]
[Black "kalxandria"]
[Result "1-0"]
[WhiteElo "2353"]
[BlackElo "2196"]
[TimeControl "180+1"]
[EndTime "15:28:35 PST"]
[Termination "s-dshubin won on time"]

1. e4 e6 2. d4 d5 3. Nc3 Nf6 4. exd5 exd5 5. Bg5 Be7 6. Bd3 Nc6 7. Nf3 Bg4 8. Ne2 Bxf3 9. gxf3 O-O 10. Qd2 Nb4 11.
h4 Nxd3+ 12. Qxd3 c5 13. O-O-O Qa5 14. Kb1 Rac8 15. Nf4 c4 16. Qe3 Rfe8 17. Rde1 c3 18. Bxf6 Qb5 19. b3 Bxf6 20. Qd3 Qb4 21. Rxe8+ Rxe8 22. Nxd5 Qxd4 23. Nxf6+ Qxf6 24. Rd1 Qxh4 25. Qxc3 Qxf2 26.
Qe5 Rc8 27. Qf5 Re8 28. Rd7 Qg1+ 29. Kb2 Qg6 30. Qxg6 hxg6 31. Rxb7 Re3 32. Rxa7 Rxf3 33.
Ra8+ Kh7 34. a4 g5 35. a5 g4 36. a6 g3 37. a7 g2 38. Rh8+ Kxh8 39. a8=Q+ Kh7 40.
Qxf3 g1=Q 41. Qxf7 Qd4+ 42. Ka2 Qc3 43. Qf5+ Kh6 44. Qe6+ Kh5 45. Qe2+ Kh6 46. Qd3 Qxd3 47. cxd3 g5 48. b4 g4 49. b5 g3 50. b6 g2 51. b7 g1=Q 52. b8=Q Qf2+ 53. Qb2 Qa7+ 54.
Qa3 Qf2+ 55. Kb3 Qf7+ 56. Kc3 Qc7+ 57. Kd4 Qd7+ 58. Kc4 Qe6+ 59. Kc3 Qe1+ 60. Kd4 Qf2+ 61. Kd5 Qf3+ 62. Kc4 Qg4+ 63. d4 Qe2+ 64. Qd3 Qe6+ 65.
d5 Qc8+ 66. Kd4 Qg8 67. Qh3+ Kg7 68. Qg4+ Kf8 69. Qxg8+ Kxg8 70. Kc5 Kf8 71. Kc6 Ke8 72. Kc7 1-0

[Event "Late-Titled-Tuesday-Blitz-February-20-2024"]
[Site "Chess.com"]
[Date "2024.02.20"]
[Round "8"]
[White "Sajkochess"]
[Black "ahmedkandiliii"]
[Result "1/2-1/2"]
[WhiteElo "2375"]
[BlackElo "2503"]
[TimeControl "180+1"]
[EndTime "15:28:38 PST"]
[Termination "Game drawn by 50-move rule"]

1. e4 e5 2. Nf3 Nc6 3. d4 exd4 4. Nxd4 Qf6 5. Nb3 a5 6. a4 Bb4+ 7. c3 Bd6 8. N1d2 Nge7 9. Nc4 Bf4 10. Qf3 Bxc1 11. Qxf6 gxf6 12. Rxc1 O-O 13. Ne3 d6 14. Bd3 Be6 15. Nd4 Nxd4 16. cxd4 c6 17. f4 Bb3 18. Bc2 Bxc2 19. Rxc2 f5 20. e5 dxe5 21. dxe5 f6 22. e6 Rae8 23. Kf2 Ng6 24. Nxf5 Nxf4 25. e7 Rf7 26.
Nd6 Rexe7 27. Nxf7 Kxf7 28. g3 Nd3+ 29. Kf1 Re4 30. Rd2 Nc5 31. Kf2 Rxa4 32. Re1 Ne4+ 33. Rxe4 Rxe4 34. Rd7+ Kg6 35. Rxb7 Rb4 36. Rxb4 axb4 37.
Ke3 Kf5 38. Kd4 Kg4 39. Kc5 Kh3 40. Kxb4 Kxh2 41. Kc5 Kxg3 42. Kxc6 f5 43. b4 f4 44. b5 f3 45. b6 f2 46. b7 f1=Q 47. b8=Q+ Qf4 48.
Qg8+ Qg4 49. Qxh7 Qf3+ 50. Kd6 Qf6+ 51. Kd5 Qg5+ 52. Ke6 Qe3+ 53. Kf6 Qb6+ 54. Kg7 Qc7+ 55. Kh6 Qf4+ 56. Kg7 Qe5+ 57. Kg8 Qe8+ 58. Kg7 Qe7+ 59. Kg8 Qe8+ 60. Kg7 Qe5+ 61. Kg8 Qd5+ 62. Qf7 Qd8+ 63. Kg7 Qd4+ 64. Qf6 Qd7+ 65. Qf7 Qd4+ 66. Qf6 Qa4 67.
Qg6+ Kh4 68. Qf6+ Kg4 69. Qg6+ Kf3 70. Qf6+ Ke3 71. Qe6+ Kd2 72. Qd6+ Kc1 73. Qc5+ Kb2 74. Qb6+ Ka2 75. Qe6+ Kb1 76. Qb6+ Kc2 77. Qc5+ Kd2 78. Qd5+ Ke2 79. Qe5+ Kd3 80. Qd5+ Ke3 81. Qe5+ Kd2 82. Qd5+ Ke2 83. Qe5+ Kf1 84. Qf5+ Kg1 85. Qg5+ Kf1 86. Qf5+ Ke1 87. Qe5+ Kd1 88. Qd5+ Kc1 89. Qc5+ Kb1 90.
Qb6+ Ka1 91. Qf6+ Ka2 92. Qe6+ Ka3 93. Qe3+ Kb2 94. Qd2+ Kb1 95. Qe1+ Kc2 96. Qe2+ Kc3 97. Qe3+ Kc2 98. Qe2+ Kc1 99. Qe1+ 1/2-1/2